 Dungeon Crawl Stone Soup version 0.29-a0-821-g66395355a5 (webtiles) character file.

Game seed: 4869581596380897873

2557 jimonade the Thaumaturge (level 9, -21/65 HPs)
             Began as a Mummy Necromancer on July 7, 2022.
             Was an Initiate of Yredelemnul.
             Demolished by an ogre
             ... wielding a +0 giant spiked club
              (32 damage)
             ... on level 6 of the Dungeon.
             The game lasted 00:38:36 (8675 turns).

jimonade the Thaumaturge (Mummy Necromancer)        Turns: 8675, Time: 00:38:38

Health: -21/65     AC:  4    Str: 11    XL:     9   Next: 31%
Magic:  8/23       EV: 11    Int: 19    God:    Yredelemnul [......]
Gold:   321        SH:  3    Dex: 12    Spells: 19/28 levels left

rFire   x . .      SeeInvis .   i - +3 spear (freeze)
rCold   + . .      Faith    .   r - +0 buckler
rNeg    + + +      Spirit   .   f - +0 leather armour
rPois   ∞          Reflect  .   (no helmet)
rElec   .          Harm     .   (no cloak)
rCorr   .          Rampage  .   h - +0 pair of gloves
Will    +....                   (no boots)
Stlth   +.........              (no amulet)
HPRegen 0.20/turn               (no ring)
MPRegen 0.18/turn               (no ring)

@: no status effects
A: cold resistance 1, negative energy resistance 3, torment resistance 2, heat
vulnerability 1, in touch with death 1, no potions
a: Renounce Religion, Recall Undead Harvest


You were on level 6 of the Dungeon.
You worshipped Yredelemnul.
Yredelemnul was noncommittal.
You visited 1 branch of the dungeon, and saw 6 of its levels.
You also visited: Sewer and Ossuary.

You collected 321 gold pieces.

Inventory:

Hand Weapons
 c - a +0 dagger of protection
 i - a +3 spear of freezing (weapon)
 t - a +0 triple sword
Missiles
 d - 43 stones
 l - 8 boomerangs
 o - 6 poisoned darts
Armour
 a - a +0 robe
 f - a +0 leather armour (worn)
 h - a +0 pair of gloves (worn)
 m - a +0 ring mail
 r - a +0 buckler (worn)
Wands
 b - a wand of quicksilver (12)
 k - a wand of iceblast (7)
Scrolls
 e - 2 scrolls of silence
 g - 6 scrolls of identify
 j - 5 scrolls of noise
 n - 2 scrolls of teleportation
 p - 2 scrolls of poison {unknown}
 q - a scroll of acquirement {unknown}


   Skills:
 * Level 4.2 Fighting
 + Level 1.7 Dodging
 - Level 1.5 Stealth
 * Level 10.3 Spellcasting
 + Level 1.4 Conjurations
 * Level 7.8 Necromancy
 * Level 2.6 Fire Magic
 * Level 1.7 Invocations
 - Level 0.7 Evocations


You had 19 spell levels left.
You knew the following spells:

 Your Spells              Type           Power      Damage    Failure   Level
a - Necrotise             Necr           100%       1d9       1%          1
b - Vampiric Draining     Necr           56%        2d10      1%          3
c - Animate Dead          Necr           56%        N/A       5%          4
d - Foxfire               Conj/Fire      68%        2x1d7     6%          1

Your spell library contained the following spells:

 Spells                   Type           Power      Damage    Failure   Level
 Agony                    Necr           56%        N/A       14%         5
 Conjure Flame            Conj/Fire      17%        6-21      17%         3
 Inner Flame              Hex/Fire       14%        N/A       24%         3
 Ignite Poison            Fire/Tmut/Pois 13%        N/A       28%         3
 Flame Wave               Conj/Fire      17%        2d6       50%         4
 Sticky Flame             Conj/Fire      17%        2d4       50%         4
 Summon Hydra             Summ           4%         N/A       100%        7
 Sublimation of Blood     Necr           Unusable   N/A       N/A         2
 Wereblood                Tmut           Unusable   N/A       N/A         2

Dungeon Overview and Level Annotations

Branches:
Dungeon (6/15)             Temple (0/1) D:6           Sewer (visited)
Ossuary (visited)

Altars:
Yredelemnul

Shops:
D:4 *   D:5 *


Innate Abilities, Weirdness & Mutations

You are immune to poison.
Your flesh is cold resistant. (rC+)
You are immune to negative energy. (rN+++)
You are immune to unholy pain and torment.
You are vulnerable to heat. (rF-)
You are in touch with the powers of death.
You do not drink.


Message History

The ogre closely misses your adder zombie.
Casting: Necrotise (safe; 1% risk of failure)
Confirm with . or Enter, or press ? or * to list all spells.
Okay, then.
Casting: Necrotise (safe; 1% risk of failure)
Confirm with . or Enter, or press ? or * to list all spells.
Okay, then.
You could not reach far enough!
The ogre hits your adder zombie with a +0 giant spiked club!!
Your adder zombie is destroyed!
Casting: Necrotise (safe; 1% risk of failure)
Confirm with . or Enter, or press ? or * to list all spells.
Aiming: Necrotise (safe; 1% risk of failure)
Press: ? - help, Shift-Dir - straight line, f/p - ogre
Aim: an ogre, wielding a +0 giant spiked club (chance to affect: 83%)
You feel a surge of power!
The ogre writhes in agony.
Casting: Necrotise (safe; 1% risk of failure)
Confirm with . or Enter, or press ? or * to list all spells.
Aiming: Necrotise (safe; 1% risk of failure)
Press: ? - help, Shift-Dir - straight line, f/p - ogre
Aim: an ogre, wielding a +0 giant spiked club (lightly wounded, chance to affect: 83%)
You feel a surge of power!
The ogre writhes in agony.
Casting: Necrotise (safe; 1% risk of failure)
Confirm with . or Enter, or press ? or * to list all spells.
Aiming: Necrotise (safe; 1% risk of failure)
Press: ? - help, Shift-Dir - straight line, f/p - ogre
Aim: an ogre, wielding a +0 giant spiked club (moderately wounded, chance to affect: 83%)
You feel a surge of power!
The ogre writhes in agony.
The ogre hits you with a +0 giant spiked club!!!
Ouch! That really hurt!
* * * LOW HITPOINT WARNING * * *
Casting: Necrotise (safe; 1% risk of failure)
Confirm with . or Enter, or press ? or * to list all spells.
Aiming: Necrotise (safe; 1% risk of failure)
Press: ? - help, Shift-Dir - straight line, f/p - ogre
Aim: an ogre, wielding a +0 giant spiked club (moderately wounded, chance to affect: 83%)
You feel a surge of power!
The ogre barely resists.
The ogre hits you with a +0 giant spiked club!!
You die...
Yredelemnul claims you as an undead slave.

### ##### ##...
##...##
#.....#####.....#
#....)zoO@......#
#.....#####.....#
##... ##...## ##.
##.## # #.####
#.'Z.# #.##.#####
#.##.)...#
...##....#


You could see an ogre, a wight and an orc.

Vanquished Creatures
  Sigmund (D:2)
  Duvessa (D:6)
  2 water moccasins
  6 ogres
  2 ice beasts
  A black bear (D:6)
  A centaur (D:6)
  A bullfrog (D:6)
  A gnoll sergeant (D:5)
  An elf zombie (Ossuary)
  3 scorpions (D:5)
  Dowan (D:6)
  A howler monkey (D:6)
  A centaur zombie (Ossuary)
  2 hounds
  2 orc priests
  3 gnoll boudas
  An iguana (D:5)
  An orc wizard (D:6)
  Terence (D:2)
  2 mummies (Ossuary)
  10 adders
  10 gnolls
  A shadow imp (D:6)
  A gnoll zombie (D:6)
  3 worms
  4 dart slugs
  6 orcs
  6 ball pythons
  8 bats
  9 endoplasms
  8 giant cockroaches
  6 hobgoblins
  10 kobolds
  2 quokkas (D:3)
  3 frilled lizards
  5 goblins
  2 goblin zombies (Ossuary)
  7 hobgoblin zombies (Ossuary)
  2 jackal zombies (Ossuary)
  15 kobold zombies (Ossuary)
  7 orc zombies (Ossuary)
  5 rats
  A rat zombie (Ossuary)
166 creatures vanquished.

Vanquished Creatures (collateral kills)
  A phantom (D:5)
  Ijyb (D:3)
  2 gnolls
  A river rat (Sewer)
  An ufetubus (D:6)
  3 orcs
  A bat (D:3)
  2 endoplasms (Sewer)
  A kobold (Sewer)
  A rat (D:3)
14 creatures vanquished.

Vanquished Creatures (others)
  A centaur zombie (D:6)
  An adder zombie (D:6)
  4 gnoll zombies
  A spectral shadow imp (D:6)
  3 bat zombies (D:3)
  2 ball python zombies
  An endoplasm zombie (Sewer)
  A kobold zombie (Sewer)
  2 orc zombies (D:6)
  A rat zombie (D:3)
  202 foxfires
  11 plants
230 creatures vanquished.

Grand Total: 410 creatures vanquished

Notes
Turn   | Place    | Note
-------+----------+-------------------------------------------
     0 | D:1      | jimonade the Mummy Necromancer began the quest for the Orb.
     0 | D:1      | Reached XP level 1. HP: 13/13 MP: 4/4
   261 | D:1      | Reached skill level 3 in Spellcasting
   292 | D:1      | Reached XP level 2. HP: 16/20 MP: 6/6
  1387 | D:2      | Reached skill level 1 in Fighting
  1445 | D:2      | Gained mutation: You are in touch with the powers of death.
                  | [Mummy growth]
  1445 | D:2      | Reached XP level 3. HP: 26/26 MP: 7/7
  1933 | D:2      | Reached XP level 4. HP: 32/32 MP: 5/9
  1966 | D:2      | Noticed Sigmund
  2407 | D:2      | Learned a level 3 spell: Vampiric Draining
  2440 | D:2      | Killed Sigmund
  2441 | D:2      | Reached skill level 5 in Spellcasting
  2441 | D:2      | Reached skill level 5 in Necromancy
  2441 | D:2      | Reached XP level 5. HP: 10/38 MP: 4/12
  2677 | D:2      | Noticed Terence
  2695 | D:2      | Killed Terence
  2936 | D:3      | Noticed Ijyb
  2948 | D:3      | Killed Ijyb
  2949 | D:3      | Reached XP level 6. HP: 36/44 MP: 11/14
  3007 | D:3      | Found a glowing drain.
  3012 | Sewer    | Entered a sewer
  3139 | Sewer    | Learned a level 4 spell: Animate Dead
  3482 | D:3      | Reached skill level 6 in Spellcasting
  3495 | D:3      | You fall into a shaft and drop 2 floors!
  3495 | D:5      | Entered Level 5 of the Dungeon
  3960 | D:5      | Reached XP level 7. HP: 31/51 MP: 7/17
  4096 | D:5      | Reached skill level 7 in Spellcasting
  4280 | D:5      | Reached skill level 8 in Spellcasting
  4541 | D:5      | Found Lonoeli's Gadget Gallery.
  4890 | D:5      | Reached XP level 8. HP: 58/58 MP: 16/20
  5290 | D:5      | Reached skill level 9 in Spellcasting
  5549 | D:5      | Learned a level 1 spell: Foxfire
  5564 | D:5      | Reached skill level 1 in Fire Magic
  5856 | D:4      | Found a basalt altar of Yredelemnul.
  5946 | D:4      | Became a worshipper of Yredelemnul the Dark
  6169 | D:4      | Found Cavve's General Store.
  6524 | D:3      | Found a faded altar of an unknown god.
  6966 | D:3      | Reached * piety under Yredelemnul
  7525 | D:6      | Reached skill level 1 in Conjurations
  7549 | D:6      | Noticed Duvessa
  7555 | D:6      | Killed Duvessa
  7557 | D:6      | Noticed Dowan
  7561 | D:6      | Reached skill level 1 in Invocations
  7561 | D:6      | Reached XP level 9. HP: 36/65 MP: 4/22
  7564 | D:6      | Killed Dowan
  7574 | D:6      | Found a staircase to the Ecumenical Temple.
  7621 | D:6      | Reached ** piety under Yredelemnul
  7622 | D:6      | Reached skill level 10 in Spellcasting
  7639 | D:6      | Found a sand-covered staircase.
  7647 | Ossuary  | Entered an ossuary
  8675 | D:6      | Demolished by an ogre

Illustrated notes

Levels and vault maps discovered:
D:1:      roderic_crop_circles_arrival_small, layout_loops_corners
D:2:      layout_loops_cross, uniq_terence, uniq_sigmund
D:3:      layout_loops_corners, shapermc_ecumenical_altar_mp_urbaneastern,
          gup_sewer_entry_bowl, uniq_ijyb
D:4:      nicolae_cairo_tiling_large_dashed, layout_gridville,
          kennysheep_ying_yang, serial_shops, kennysheep_mini,
          hangedman_decor_slide_cut
D:5:      layout_basic, nicolae_shop_gadgets
D:6:      minmay_octagon_keep, layout_rooms, minmay_temple_entry_poolview,
          enter_ossuary_2, kb_rosetta, uniq_blork_the_orc, uniq_eustachio,
          uniq_duvessa, uniq_edmund, uniq_maggie

Skill      XL: |  1  2  3  4  5  6  7  8  9 |
---------------+----------------------------+-----
Spellcasting   | 3 5 6 8 9 10 | 10.3
Fighting       | 1 2 3 4 |  4.2
Necromancy     | 5 6 7 |  7.8
Fire Magic     | 2 |  2.6
Conjurations   | 1 |  1.4
Invocations    | 1 |  1.7
Dodging        | |  1.7
Stealth        | |  1.5
Evocations     | |  0.7

Action                   |  1- 3 |  4- 6 |  7- 9 || total
-------------------------+-------+-------+-------++-------
Melee: Spear             |     2 |    69 |    87 ||   158
       Punch             |       |     1 |       ||     1
Throw: Boomerang         |    68 |       |       ||    68
       Stone             |     9 |       |       ||     9
 Cast: Necrotise         |    24 |    50 |    87 ||   161
       Animate Dead      |       |     7 |       ||     7
       Vampiric Draining |       |     5 |    14 ||    19
       Foxfire           |       |       |   121 ||   121
Evoke: Wand              |       |       |     7 ||     7
  Use: Scroll            |       |     4 |     4 ||     8
 Stab: Distracted        |       |       |     1 ||     1
       Sleeping          |       |       |     1 ||     1
Armor: Robe              |    10 |     9 |    10 ||    29
       Leather armour    |       |       |    14 ||    14
Dodge: Dodged            |    17 |    40 |    89 ||   146
Block: Buckler           |       |       |    14 ||    14

Table legend: (Time is in decaauts)
 A = Elapsed time spent in this place.
 B = Non-inter-level travel time spent in this place.
 C = Inter-level travel time spent in this place.
 D = Time resting spent in this place.
 E = Time spent auto-exploring this place.
 F = Levels seen in this place.
 G = Mean time per level.
                   A        B        C        D        E       F      G
               +--------+--------+--------+--------+--------+-----+--------+
         Total |   8794 |   8409 |    385 |   1945 |   4262 |   8 | 1099.2 |
       Dungeon |   7567 |   7182 |    385 |   1589 |   4229 |   6 | 1261.2 |
         Sewer |    452 |    452 |      0 |     78 |      7 |   1 |  452.0 |
       Ossuary |    774 |    774 |      0 |    278 |     26 |   1 |  774.0 |
               +--------+--------+--------+--------+--------+-----+--------+

Top non-repeatable levels by time:
     D:5: 2215 daAuts
     D:1: 1765 daAuts
     D:2: 1210 daAuts
     D:3: 1129 daAuts
     D:4: 824 daAuts
 Ossuary: 774 daAuts
   Sewer: 452 daAuts
     D:6: 422 daAuts
